 Dungeon Crawl Stone Soup version 0.29.1-1-gd02db6906a (webtiles) character file.

Game seed: 7532027210352016402

598 ImASeal the Trooper (level 7, -4/76 HPs)
             Began as a Troll Fighter on Oct 18, 2022.
             Killed from afar by Dowan (8 damage)
             ... with a puff of frost
             ... on level 5 of the Dungeon.
             The game lasted 00:08:36 (3980 turns).

ImASeal the Trooper (Troll Fighter)                 Turns: 3980, Time: 00:08:37

Health: -4/76      AC:  4    Str: 27    XL:     7   Next: 17%
Magic:  6/6        EV:  8    Int:  4    God:
Gold:   116        SH:  7    Dex:  9    Spells: 6/6 levels left

rFire   . . .      SeeInvis .   y - +2 flail (holy)
rCold   . . .      Faith    .   c - +0 kite shield
rNeg    . . .      Spirit   .   b - +0 robe
rPois   .          Reflect  .   (helmet restricted)
rElec   .          Harm     .   r - scarf {+Inv}
rCorr   .          Rampage  .   (gloves unavailable)
Will    +....                   (boots unavailable)
Stlth   +.........              (no amulet)
HPRegen 1.02/turn               p - ring of flight
MPRegen 0.10/turn               C - ring of willpower

@: mighty, about to teleport, flying
A: large, unfitting armour, claws 3, regeneration 1, shaggy fur 1, tough skin 1
a: Evoke Invisibility


You were on level 5 of the Dungeon.
You visited 1 branch of the dungeon, and saw 5 of its levels.

You collected 116 gold pieces.

Inventory:

Hand Weapons
 a - a +0 trident
 y - a +2 flail of holy wrath (weapon)
Missiles
 n - 42 stones (quivered)
 v - 23 poisoned darts
Armour
 b - a +0 robe (worn)
 c - a +0 kite shield (worn)
 r - a scarf of invisibility (worn)
Jewellery
 o - a ring of wizardry
 p - a ring of flight (left claw)
 C - a ring of willpower (right claw)
Wands
 u - a wand of flame (4)
Scrolls
 e - 3 scrolls of teleportation
 h - 3 scrolls of identify {unknown}
 j - 2 scrolls of butterflies {unknown}
 l - 3 scrolls of enchant weapon {unknown}
 q - 2 scrolls of poison {unknown}
 s - a scroll of acquirement {unknown}
 x - a scroll of brand weapon {unknown}
 z - a scroll of immolation {unknown}
Potions
 d - 2 potions of might
 f - 3 potions of degeneration {unknown}
 i - a potion of heal wounds {unknown}
 k - 2 potions of brilliance {unknown}
 m - a potion of mutation {unknown}
 t - 2 potions of attraction {unknown}
 w - a potion of haste {unknown}
 A - a potion of magic {unknown}
 B - a potion of flight {unknown}
 D - a potion of invisibility {unknown}


   Skills:
 + Level 6.8 Fighting
 - Level 1.6 Polearms
 - Level 2.5 Dodging
 - Level 2.8 Shields


You had 6 spell levels left.
You didn't know any spells.
Your spell library contained the following spells:

 Spells                   Type           Power      Damage    Failure   Level
 Slow                     Hex            0%         N/A       80%         1
 Sublimation of Blood     Necr           0%         N/A       91%         2
 Confusing Touch          Hex            0%         N/A       99%         3
 Vampiric Draining        Necr           0%         2d6       99%         3
 Petrify                  Tmut/Erth      0%         N/A       100%        4
 Irradiate                Conj/Tmut      0%         3d11      100%        5
 Summon Forest            Summ/Tloc      0%         N/A       100%        5
 Summon Mana Viper        Hex/Summ       0%         N/A       100%        5
 Summon Cactus Giant      Summ           0%         N/A       100%        6


Dungeon Overview and Level Annotations

Branches:
Dungeon (5/15)
 Temple: D:4-7

Altars:
Qazlal

Annotations:
D:4 2 transporters
D:5 Dowan, Duvessa


Innate Abilities, Weirdness & Mutations

You are too large for most types of armour.
You have claws for hands.
Your natural rate of healing is unusually fast.
You are covered in fur. (AC +1)
You have tough skin. (AC +1)


Message History

You closely miss Duvessa.
Duvessa is lightly wounded.
You block Duvessa's attack.
Dowan gestures wildly while chanting.
Dowan blinks!
Duvessa hits you with a +2 short sword of protection.
Dowan points at you and mumbles some strange words.
You resist with almost no effort.
Duvessa hits you with a +2 short sword of protection.
* * * LOW HITPOINT WARNING * * *
You sock Duvessa!
Duvessa is moderately wounded.
You block Duvessa's attack. Dowan casts a spell at you.
The puff of frost misses you.
Duvessa hits you with a +2 short sword of protection.
* * * LOW HITPOINT WARNING * * *
You hit Duvessa.
Duvessa is heavily wounded.
Duvessa hits you with a +2 short sword of protection.
* * * LOW HITPOINT WARNING * * *
Dowan points at you and mumbles some strange words.
The puff of frost hits you.
* * * LOW HITPOINT WARNING * * *
Duvessa hits you with a +2 short sword of protection.
* * * LOW HITPOINT WARNING * * *
Dowan casts a spell at you. You resist with almost no effort.
You closely miss Duvessa.
Duvessa is heavily wounded.
Duvessa completely misses you. You block Duvessa's attack.
Dowan hits you with a +0 dagger.
* * * LOW HITPOINT WARNING * * *
Duvessa hits you with a +2 short sword of protection!
* * * LOW HITPOINT WARNING * * *
As you read the scroll labelled OLLOIG TOSCHE, it crumbles to dust.
You feel strangely unstable.
It was a scroll of teleportation.
Dowan points at you and mumbles some strange words.
The puff of frost hits you!
You die...

##..# #..## ####
#...###..#
#...##..##
######..#..##
#######..#
#....##
###........#
#...##
#.........##
#e### #
##.......## ##@#
## ##......#
##e##
.#####....####..#
.....).........##
...............#
...............#
..###########..#
..# #..# ...#
#.##


You could see Duvessa (fast) and Dowan.

Vanquished Creatures
  Menkaure (D:5)
  4 lemures (D:5)
  A phantom (D:5)
  A bullfrog (D:4)
  An orc priest (D:5)
  2 hounds (D:5)
  An iguana (D:5)
  Ijyb (D:3)
  Natasha (D:4)
  8 adders
  A worm (D:2)
  2 dart slugs
  9 orcs
  11 endoplasms
  3 giant cockroaches
  10 goblins
  6 hobgoblins
  2 quokkas (D:4)
  4 ball pythons
  8 bats
  6 frilled lizards
  7 kobolds
  5 rats
95 creatures vanquished.

Notes
Turn   | Place    | Note
-------+----------+-------------------------------------------
     0 | D:1      | ImASeal the Troll Fighter began the quest for the Orb.
     0 | D:1      | Reached XP level 1. HP: 22/22 MP: 0/0
   205 | D:1      | Reached XP level 2. HP: 29/29 MP: 1/1
   314 | D:1      | Reached skill level 3 in Fighting
   638 | D:2      | Reached XP level 3. HP: 37/37 MP: 2/2
  1120 | D:2      | Found a faded altar of an unknown god.
  1685 | D:3      | Reached XP level 4. HP: 48/48 MP: 3/3
  1807 | D:3      | Noticed Ijyb
  1822 | D:3      | Killed Ijyb
  1823 | D:3      | Reached skill level 4 in Fighting
  2772 | D:4      | Reached XP level 5. HP: 45/55 MP: 4/4
  2825 | D:4      | Found a transporter.
  2852 | D:4      | Noticed Natasha
  2878 | D:4      | Killed Natasha
  2960 | D:4      | Reached skill level 5 in Fighting
  3035 | D:4      | Found a stormy altar of Qazlal.
  3320 | D:4      | Found a transporter.
  3323 | D:4      | Noticed a fire bat
  3547 | D:5      | Entered Level 5 of the Dungeon
  3571 | D:5      | Reached XP level 6. HP: 66/66 MP: 5/5
  3768 | D:5      | Reached skill level 6 in Fighting
  3920 | D:5      | Noticed Menkaure
  3926 | D:5      | Killed Menkaure
  3927 | D:5      | Reached XP level 7. HP: 68/76 MP: 6/6
  3948 | D:5      | Noticed Dowan
  3948 | D:5      | Noticed Duvessa
  3979 | D:5      | HP: 3/76 [Duvessa/+2 short sword of protection (7)]
  3980 | D:5      | Killed from afar by Dowan

Illustrated notes

Levels and vault maps discovered:
D:1:      dpeg_arrival_fog, layout_loops_ring, minmay_statues_item,
          dk_noncrumbling_4, minmay_tetromino_t2
D:2:      layout_basic, shapermc_ecumenical_altar_starsandcircs
D:3:      layout_basic, uniq_ijyb
D:4:      gammafunk_cloud_chamber, layout_basic, marbit_many_paths,
          bh_walls_and_bars, uniq_natasha
D:5:      layout_cave_pods, uniq_menkaure, uniq_pikel, uniq_duvessa

Skill      XL: |  1  2  3  4  5  6 |
---------------+-------------------+-----
Fighting       | 3 4 5 6 |  6.8
Polearms       | |  1.6
Dodging        | |  2.5
Shields        | |  2.8

Action                   |  1- 3 |  4- 6 |  7- 9 || total
-------------------------+-------+-------+-------++-------
Melee: Trident           |   146 |    57 |       ||   203
       Flail             |       |   175 |     8 ||   183
Throw: Stone             |       |     4 |       ||     4
  Use: Potion            |       |     2 |     2 ||     4
       Scroll            |       |       |     1 ||     1
 Stab: Sleeping          |     2 |     1 |       ||     3
Armor: Robe              |    35 |    71 |     1 ||   107
Dodge: Dodged            |    38 |   107 |     7 ||   152
Block: Kite shield       |    45 |   106 |     4 ||   155
